AoeStats
← thuddy

Arabia

511131663Analyzed
1v1 RM · 13d ago on Oct 3, 2026· 39m 18s· 2 players
Game mode
Random Map
Map size
Tiny (2 player)
Population
200
Speed
Normal
Resources
Standard
Victory
Conquest
Starting age
Dark Age
Ending age
Imperial Age
RankedLock teamsTeams togetherTeam positionsShared explorationLock speedFull tech treeHidden civsTurbo modeCheats
Victory
Defeat
🇺🇸 Cumans · United States
1323
+17
vs
🇺🇸 Saracens · United States
1347
-17
thuddy
7:31 Loom
9:56 Feudal Age
10:41 Double-Bit Axe
10:37 Horse Collar
15:00 Padded Archer Armor
15:40 Fletching
20:00 Wheelbarrow
23:29 Castle Age
23:47 Town Watch
23:46 Capped Ram
24:27 Bodkin Arrow
25:01 Bloodlines
25:21 Hand Cart
24:49 Elite Skirmisher
28:46 Leather Archer Armor
29:21 Bow Saw
31:11 Scale Barding Armor
32:21 Chain Barding Armor
32:44 Forging
33:09 Ballistics
35:09 Iron Casting
40:58 Imperial Age
39:05 Steppe Husbandry
Tako龍
8:01 Loom
10:29 Feudal Age
11:12 Double-Bit Axe
11:48 Horse Collar
16:53 Fletching
24:35 Castle Age
22:47 Padded Archer Armor
24:30 Scale Barding Armor
24:36 Forging
24:39 Crossbowman
25:16 Bodkin Arrow
32:26 Bloodlines
32:38 Chain Barding Armor
40:41 Imperial Age
Connection lost

Rejoining the realm…

Still unreachable

The connection could not be restored.

Session expired

The server has moved on; the page needs a fresh start.